 Dungeon Crawl Stone Soup version 0.16-a0-4088-g7c8221e (webtiles) character file.

215733 PolkaDot the Maledictor (level 17, -5/126 HPs)
             Began as a Vampire Enchanter on Feb 22, 2015.
             Was the Champion of Ashenzari.
             Slain by a lich (6 damage)
             ... while paralysed by a lich
             ... on level 1 of the Vaults on Feb 23, 2015.
             The game lasted 03:44:41 (45868 turns).

PolkaDot the Maledictor (Vampire Enchanter)        Turns: 45868, Time: 03:44:42

Health: -5/126     AC: 18    Str: 23    XL:     17   Next: 89%
Magic:  21/42      EV:  2    Int: 27    God:    Ashenzari [******]
Gold:   1219       SH:  0    Dex: 12    Spells: 10 memorised, 6 levels left

rFire  . . .     SeeInvis +     M - +3 dagger (speed) (curse)
rCold  + . .     Clarity  +     s - +3 leather armour of the Black Moon {Contam Regen+ Str+5} (curse)
rNeg   + + +     SustAb   .     P - +1 buckler of the Sturgeon {+Inv Str+3} (curse)
rPois  +         Gourm    .     V - +2 helmet "Liudelogg" {Str+4} (curse)
rElec  .         Spirit   .     G - +2 cloak of the Thief {+Fog Slay-2 SInv Stlth+} (curse)
rCorr  +         Warding  .     B - +2 pair of gloves "Watsain" {rC- Regen+ rCorr Str-2 Int+5} (curse)
rMut   +         Stasis   .     H - +2 pair of boots of the Jackalope {Str+6 Dex-2} (curse)
MR     +....                    p - amulet of resist mutation (curse)
Stlth  ++++++++++               v - ring of magical power (curse)
                                n - +4 ring of evasion (curse)

@: paralysed, marked, very slightly contaminated, regenerating slowly, studying
2 skills, invisible, somewhat resistant to hostile enchantments, uncannily
stealthy
A: bottle blood, fangs 3, see invisible, mutation resistance 1, unbreathing
a: Bat Form, Scrying, Transfer Knowledge, Renounce Religion, Evoke Fog
}: 2/15 runes: decaying, gossamer


You were on level 1 of the Vaults.
You worshipped Ashenzari.
Ashenzari was exalted by your worship.
You were near bloodless.

You visited 7 branches of the dungeon, and saw 39 of its levels.
You visited 1 bazaar.
You also visited: Labyrinth, Trove, Sewer, Ossuary, Bailey and Ice Cave.

You collected 2776 gold pieces.
You spent 1557 gold pieces at shops.

Inventory:

Hand weapons
 M - a cursed +3 dagger of speed (weapon)
Missiles
 A - 8 throwing nets (quivered)
Armour
 s - the cursed +3 leather armour of the Black Moon (worn) {Contam Regen+ Str+5}
   (You found it in a treasure trove)

   It affects your strength (+5).
   It causes magical contamination when unequipped.
   It increases your rate of regeneration.
   It has a curse placed upon it.
 B - the cursed +2 pair of gloves "Watsain" (worn) {rC- Regen+ rCorr Str-2 Int+5}
   (You found it in a treasure trove)

   It affects your strength (-2).
   It affects your intelligence (+5).
   It makes you vulnerable to cold.
   It increases your rate of regeneration.
   It protects you from acid and corrosion.
   It has a curse placed upon it.
 G - the cursed +2 cloak of the Thief (worn) {+Fog Slay-2 SInv Stlth+}
   (You found it in a treasure trove)

   It affects your accuracy and damage with ranged weapons and melee attacks
   (-2).
   It enhances your eyesight.
   It can be evoked to emit clouds of fog.
   It makes you more stealthy.
   It has a curse placed upon it.
 H - the cursed +2 pair of boots of the Jackalope (worn) {Str+6 Dex-2}
   (You found it in a treasure trove)

   It affects your strength (+6).
   It affects your dexterity (-2).
   It has a curse placed upon it.
 P - the cursed +1 buckler of the Sturgeon (worn) {+Inv Str+3}
   (You found it in a treasure trove)

   It affects your strength (+3).
   It lets you turn invisible.
   It has a curse placed upon it.
 V - the cursed +2 helmet "Liudelogg" (worn) {Str+4}
   (You found it in a treasure trove)

   It affects your strength (+4).
   It has a curse placed upon it.
Jewellery
 n - a cursed +4 ring of evasion (left hand)
 p - a cursed amulet of resist mutation (around neck)
 v - a cursed ring of magical power (right hand)
Magical devices
 f - a wand of cold (7)
 g - a wand of draining (6)
 i - a wand of heal wounds (3)
 F - a wand of draining (7)
 Q - a wand of digging (15)
 S - a wand of hasting (3)
 T - a wand of teleportation (5)
 W - a wand of cold (9)
Scrolls
 a - a scroll of vulnerability
 b - 4 scrolls of silence
 j - 4 scrolls of amnesia
 k - 3 scrolls of immolation
 l - 5 scrolls of fog
 q - 4 scrolls of recharging
 r - 3 scrolls of remove curse
 t - a scroll of enchant armour
 u - a scroll of blinking
 y - 13 scrolls of teleportation
 z - 9 scrolls of curse weapon
 D - 5 scrolls of curse jewellery
 E - a scroll of enchant weapon
 I - a scroll of brand weapon
 L - 4 scrolls of identify
Potions
 d - a potion of flight
 e - 20 potions of curing
 h - 5 potions of agility
 m - 9 potions of brilliance
 w - 2 potions of cure mutation {!q}
 x - 3 potions of restore abilities
 J - 4 potions of resistance
 O - 4 potions of haste
 U - a potion of cancellation
Books
 C - a manual of Summonings
 X - a manual of Ice Magic
 Y - a manual of Ice Magic
 Z - a book of Burglary

   Spells                             Type                      Level
   a - Swiftness                      Charms/Air                   2
   b - Passwall                       Transmutation/Earth          3
   c - Passage of Golubria            Translocation                4
   d - Lee's Rapid Deconstruction     Earth                        5
   e - Invisibility                   Hexes                        6
   f - Darkness                       Hexes                        7
Miscellaneous
 c - a crystal ball of energy
 o - a phial of floods
 N - a fan of gales (inert)


   Skills:
 - Level 9.4 Fighting
 - Level 12.1(16.3) Short Blades
 - Level 6.7(11.2) Dodging
 + Level 23.2(26.5) Stealth
 - Level 5.0(8.0) Shields
 * Level 9.0 Spellcasting
 - Level 24.2(27) Hexes
 - Level 6.2(10.7) Charms
 - Level 3.4(7.4) Translocations
 - Level 4.5(8.9) Ice Magic
 + Level 5.7(10.2) Evocations


You had 6 spell levels left.
You knew the following spells:

 Your Spells              Type           Power        Failure   Level  Hunger
a - Corona                Hex            #######      0%          1    None
b - Sure Blade            Hex/Chrm       #######...   0%          2    None
c - Confuse               Hex            ########     0%          3    None
d - Ensorcelled Hibernat  Hex/Ice        ######       0%          2    None
e - Enslavement           Hex            ########     0%          4    #......
q - Blink                 Tloc           N/A          1%          2    None
v - Summon Mana Viper     Hex/Summ       ######..     1%          5    ####...
A - Apportation           Tloc           ######....   1%          1    None
D - Repel Missiles        Chrm/Air       #####.       1%          2    None
I - Invisibility          Hex            ########     1%          6    ######.


Dungeon Overview and Level Annotations

Branches:
Dungeon (15/15)            Temple (1/1) D:4            Lair (8/8) D:9
  Swamp (5/5) Lair:3       Spider (5/5) Lair:3        Slime (0/6) Lair:6
    Orc (4/4) D:11            Elf (0/3) Orc:4        Vaults (1/5) D:14
 Depths (0/5) D:15

Altars:
Ashenzari
Cheibriados
Dithmenos
Elyvilon
Fedhas
Gozag
Kikubaaqudgha
Makhleb
Nemelex Xobeh
Okawaru
Qazlal
Ru
Sif Muna
Trog
Vehumet
Xom
Yredelemnul
Zin
The Shining One

Shops:
D:15 (=   Orc:4 ?!(:*

Portals:
Pandemonium: Orc:4

Annotations:
D:9 Blork the orc
Swamp:1 exclusion: Roxanne, Roxanne
Swamp:2 Nikola
Swamp:5 Lernaean hydra
Spider:3 Arachne


Innate Abilities, Weirdness & Mutations

You heal slowly.
You can bottle blood from corpses.
You have razor-sharp teeth.
You have supernaturally acute eyesight.
You can survive without breathing.
You are somewhat resistant to further mutation.


Message History

The ironheart preserver gestures wildly while chanting.
The ironheart preserver begins to accept its allies' injuries.
The ironbrand convoker hits you but does no damage.
The freezing wraith hits you but does no damage.
The freezing wraith hits you.
* * * LOW HITPOINT WARNING * * *
The lich touches you but does no damage.
The ironheart preserver hits you with a dire flail!
* * * LOW HITPOINT WARNING * * *
The ogre hits you with a giant club!
* * * LOW HITPOINT WARNING * * *
The ironbrand convoker hits you but does no damage.
The freezing wraith hits you.
* * * LOW HITPOINT WARNING * * *
The freezing wraith freezes you. You resist.
* * * LOW HITPOINT WARNING * * *
The freezing wraith hits you.
* * * LOW HITPOINT WARNING * * *
The lich touches you.
You die...

#.#.).#.# #.....#
#....... #####...)...#
#..)..# ##'######
......####### #.....#
#......# #.#...#
#.....# #......#
#.....# #.....#
#......# #...#.#
#.)...# #[.....#
#.....# #))...#
#......# #######
#p....# #......#
################@L..)#
#......#
.............cpWpO...#
#......#
..............pCHW...#
#.....)#
..)).........[..W....#
#......#
..)..................#
#......#
.....(...............#
#......#
################+#####
#......# ....., *,
..., ####'####
....,∆,, *, ...,*
#......#


You could see an ironheart preserver, a stone giant, a vault warden, a lich, a
yaktaur captain, a griffon, a vault sentinel, a phantasmal warrior, an ironbrand
convoker, 2 freezing wraiths and an ogre.

Vanquished Creatures
  Norris (Spider:5)
  A lich (Vaults:1)
  A sphinx (Vaults:1)
  Donald (Spider:5)
  Maud (Lair:3)
  Louise (D:14)
  2 vault wardens (Vaults:1)
  3 emperor scorpions
  A ghost moth (Spider:5)
  A very ugly thing (Vaults:1)
  3 ironheart preservers (Vaults:1)
  A stone giant (Vaults:1)
  A dire elephant (D:15)
  Snorg (Lair:3)
  A yaktaur captain (Vaults:1)
  A minotaur (Lab)
  Fannar (D:13)
  Harold (Lair:1)
  15 hydras
  4 ogre magi (Vaults:1)
  2 dancing weapons (D:14)
  2 orc high priests (Orc:4)
  5 centaur warriors
  10 death yaks
  A deep troll earth mage (Vaults:1)
  A tengu warrior (D:13)
  6 alligators
  The ghost of hornqvist the Unseen, a powerful SpAs of Dithmenos (D:12)
  A deep elf knight (Vaults:1)
  8 spriggans
  A mana viper (Vaults:1)
  The ghost of DogShitOnMyToe the Transmogrifier, an experienced NaTm of Cheibriados (D:8)
  A gelid demonspawn (Orc:4)
  9 orc knights
  4 unseen horrors
  4 hill giants
  A flayed ghost (Vaults:1)
  8 swamp dragons
  A spriggan druid (Swamp:5)
  2 deep trolls (Vaults:1)
  A shambling mangrove (Swamp:3)
  An infernal demonspawn (Orc:4)
  2 torturous demonspawn (Orc:4)
  A necromancer (IceCv)
  7 wolf spiders
  3 cyclopes
  3 ironbrand convokers (Vaults:1)
  7 orc sorcerers (Orc:4)
  2 griffons
  6 ugly things
  3 orb spiders
  A harpy (D:14)
  3 manticores
  29 elephants
  A salamander (D:15)
  An oklob plant (Lair:6)
  2 torpor snails
  A spiny frog (shapeshifter) (Vaults:1)
  4 centaur zombies
  5 hornets
  Joseph (Lair:1)
  4 vault sentinels (Vaults:1)
  3 centaur skeletons
  A guardian serpent (Lair:8)
  9 black mambas
  2 rust devils (Orc:4)
  An orange demon (Orc:4)
  A black mamba (shapeshifter) (Vaults:1)
  2 kobold demonologists
  18 spiny frogs
  4 yaktaurs (Vaults:1)
  3 demonic crawlers (Spider:5)
  7 fire drakes
  14 komodo dragons
  A deep elf priest (Vaults:1)
  A jumping spider (Spider:5)
  2 tengu conjurers
  An efreet (D:13)
  A hellwing (Orc:4)
  3 trolls
  4 two-headed ogres (Vaults:1)
  A raiju (Lair:8)
  The ghost of hornqvist the Covert, an experienced SpAs of Dithmenos (D:5)
  Sonja (D:12)
  9 polar bears
  2 blue devils (Orc:4)
  3 giant leeches
  3 freezing wraiths
  A wandering mushroom (Lair:7)
  5 ravens
  2 boulder beetles
  7 bog bodies
  19 blink frogs
  A baby alligator (Swamp:2)
  3 redbacks
  2 basilisks
  18 slime creatures
  2 trapdoor spiders
  2 deep elf magi
  5 tarantellas
  3 wyverns
  4 shadows
  Eustachio (D:9)
  A golden eye (shapeshifter) (Vaults:1)
  35 yaks
  2 steam dragons
  9 hungry ghosts
  8 wargs
  3 mottled dragons
  3 death yak simulacra (IceCv)
  A neqoxec (Orc:4)
  49 wolves
  9 vampire mosquitoes
  20 insubstantial wisps
  A gelid demonspawn zombie (Orc:4)
  23 swamp worms
  34 water moccasins
  An infernal demonspawn zombie (Orc:4)
  8 hippogriffs
  15 porcupines
  An ettin simulacrum (Vaults:1)
  28 orc warriors
  7 ice beasts
  A soldier ant (D:14)
  An eye of draining (D:12)
  9 swamp drakes
  3 phantoms
  11 wasps
  11 black bears
  11 spiders
  2 sky beasts
  3 boggarts (Vaults:1)
  12 crocodiles
  22 ogres
  6 big kobolds
  24 centaurs
  The ghost of hornqvist the Covert, an average SpAs (D:3)
  20 giant frogs
  2 water moccasin zombies (Ossuary)
  2 gnoll sergeants
  7 killer bees
  A wight (D:13)
  A swamp dragon simulacrum (IceCv)
  6 scorpions
  7 crimson imps
  4 electric eels (Lair:3)
  29 orc priests
  A quasit (D:12)
  2 draconian simulacra (IceCv)
  3 giant frog skeletons
  6 goliath beetles
  23 hounds
  5 jellies
  Crazy Yiuf (D:7)
  19 orc wizards
  12 iguanas
  20 worker ants
  16 sheep
  2 hell rats (D:9)
  A killer bee zombie (D:6)
  A spriggan simulacrum (IceCv)
  A troll simulacrum (IceCv)
  4 centaur simulacra (IceCv)
  2 big kobold zombies (Ossuary)
  3 mummies
  17 gnolls
  A hound skeleton (D:4)
  A worker ant zombie (D:5)
  Robin (D:3)
  A naga simulacrum (IceCv)
  89 river rats
  2 ogre simulacra (IceCv)
  2 shadow imps
  37 adders
  2 giant mites
  12 white imps (Lair:5)
  4 worms
  8 adder zombies
  9 giant geckos
  2 oozes
  110 orcs
  8 bats
  A bat skeleton (D:4)
  2 bat zombies
  6 giant cockroaches
  2 gnoll zombies (Ossuary)
  22 hobgoblins
  14 jackals
  6 ball pythons
  A giant gecko zombie (D:5)
  10 giant newts
  2 giant spores
  29 goblins
  9 hobgoblin zombies (Ossuary)
  A jackal zombie (D:5)
  56 kobolds
  6 kobold zombies (Ossuary)
  5 orc zombies
  19 quokkas
  36 rats
  A spectral orc (D:5)
  7 ballistomycetes
  2 plants (Lair:8)
1491 creatures vanquished.

Vanquished Creatures (collateral kills)
  A lich (Vaults:1)
  A frost giant (Vaults:1)
  A hydra (Swamp:5)
  A death yak (Lair:6)
  A centaur warrior (D:15)
  A spriggan druid (Swamp:5)
  An obsidian statue (Vaults:1)
  3 swamp dragons
  2 orb spiders (Spider:5)
  A wolf spider (Spider:5)
  A hornet (Spider:5)
  2 jumping spiders (Spider:5)
  A polar bear (Lair:8)
  2 spriggans (Lair:4)
  A trapdoor spider (Spider:5)
  A baby alligator (Swamp:2)
  A hog (shapeshifter) (D:15)
  4 wolves
  A vampire mosquito (D:15)
  An orc warrior (Vaults:1)
  4 black bears (Lair:8)
  A boggart (Vaults:1)
  A centaur (D:15)
  A wyvern zombie (D:15)
  A hound (D:14)
  A shadow imp (Vaults:1)
  An orc (Vaults:1)
38 creatures vanquished.

Vanquished Creatures (others)
  2 hydras (Swamp:5)
  2 mana vipers (Vaults:1)
  A shadow wraith (Vaults:1)
  7 swamp dragons (Swamp:5)
  2 orc sorcerers (Orc:4)
  A cyclops (D:15)
  A spiny frog (Swamp:5)
  A wolf (Lair:4)
  A polar bear (Lair:4)
  A jumping spider (Spider:5)
  2 baby alligators (Swamp:2)
  A raven (D:14)
  2 air elementals
  3 yaks (Lair:7)
  4 vampire mosquitoes
  4 wargs (Lair:8)
  3 swamp drakes (Swamp:5)
  5 hell hounds (Lair:8)
  A spider (Spider:3)
  An ogre (Vaults:1)
  An orc warrior (Orc:4)
  A brain worm (D:14)
  2 orcs (Orc:4)
  3 kobolds (Bailey)
  2 giant spores (D:9)
  6 fungi
  3 plants
63 creatures vanquished.

Grand Total: 1592 creatures vanquished

Notes
Turn   | Place    | Note
--------------------------------------------------------------
     0 | D:1      | PolkaDot, the Vampire Enchanter, began the quest for the Orb.
     0 | D:1      | Reached XP level 1. HP: 13/13 MP: 3/3
   568 | D:1      | Reached XP level 2. HP: 19/19 MP: 4/4
   664 | D:1      | Reached skill level 5 in Hexes
   987 | D:1      | Learned a level 2 spell: Ensorcelled Hibernation
  1446 | D:2      | Reached XP level 3. HP: 21/24 MP: 6/6
  1457 | D:2      | Reached skill level 5 in Stealth
  2104 | D:3      | Noticed Robin
  2140 | D:3      | Killed Robin
  2140 | D:3      | Reached skill level 6 in Hexes
  2164 | D:3      | Reached XP level 4. HP: 27/30 MP: 2/7
  2248 | D:3      | Reached skill level 1 in Ice Magic
  2475 | D:3      | Noticed hornqvist's ghost (average SpAs)
  2506 | D:3      | Killed hornqvist's ghost
  2506 | D:3      | Reached XP level 5. HP: 33/35 MP: 9/9
  2533 | D:3      | Learned a level 3 spell: Confuse
  2562 | D:3      | Reached skill level 7 in Hexes
  3575 | D:4      | Reached XP level 6. HP: 41/41 MP: 10/10
  3757 | D:4      | Found a glowing drain.
  3759 | D:4      | Reached skill level 8 in Hexes
  3786 | Sewer    | Entered a sewer
  4560 | D:4      | Reached XP level 7. HP: 46/46 MP: 7/12
  5085 | D:4      | Reached skill level 9 in Hexes
  5251 | D:4      | Found a staircase to the Ecumenical Temple.
  5257 | Temple   | Entered the Ecumenical Temple
  5412 | D:5      | Entered Level 5 of the Dungeon
  5486 | D:5      | Found a basalt altar of Yredelemnul.
  5646 | D:5      | Found a shadowy altar of Dithmenos.
  5664 | D:5      | Found an ancient bone altar of Kikubaaqudgha.
  5745 | D:5      | Noticed hornqvist's ghost (experienced SpAs)
  5745 | D:5      | Found a sand-covered staircase.
  5763 | D:5      | Killed hornqvist's ghost
  5763 | D:5      | Reached skill level 10 in Hexes
  5767 | Ossuary  | Entered an ossuary
  5878 | Ossuary  | Reached XP level 8. HP: 48/52 MP: 13/13
  6209 | Ossuary  | Reached skill level 5 in Short Blades
  6546 | D:5      | Reached skill level 11 in Hexes
  6874 | D:5      | Found a burning altar of Makhleb.
  7043 | D:5      | Found a shattered altar of Ashenzari.
  7052 | D:5      | Became a worshipper of Ashenzari the Shackled
  7561 | D:6      | Found a shimmering altar of Xom.
  7763 | D:6      | Reached skill level 1 in Shields
  8037 | D:6      | Found a snail-covered altar of Cheibriados.
  8129 | D:6      | Reached skill level 12 in Hexes
  8137 | D:6      | Noticed a centaur zombie
  8168 | D:6      | Killed a centaur zombie
  8168 | D:6      | Reached skill level 10 in Stealth
  8168 | D:6      | Reached XP level 9. HP: 42/57 MP: 14/14
  8614 | D:6      | Identified the +1 robe "Twudavol" {Stlth+}
  8949 | D:7      | Identified the ring "Ythrifang" {Ice +Inv rElec Int-3 Dex+6 Stlth-}
  8985 | D:7      | Learned a level 4 spell: Enslavement
  8988 | D:7      | Learned a level 2 spell: Blink
  9196 | D:7      | Noticed Crazy Yiuf
  9202 | D:7      | Killed Crazy Yiuf
  9291 | D:7      | Reached skill level 5 in Shields
  9312 | D:7      | Acquired Ashenzari's first power
  9746 | D:8      | Reached skill level 13 in Hexes
  9827 | D:8      | Noticed DogShitOnMyToe's ghost (experienced NaTm)
  9840 | D:8      | Killed DogShitOnMyToe's ghost
  9840 | D:8      | Reached XP level 10. HP: 59/63 MP: 16/16
 10252 | D:9      | Found a flagged portal.
 10267 | Bailey   | Entered a bailey
 10316 | Bailey   | Noticed an orc knight
 10342 | Bailey   | Killed an orc knight
 10342 | Bailey   | Reached skill level 14 in Hexes
 10483 | Bailey   | Found a bloodstained altar of Trog.
 10484 | Bailey   | Identified the cursed -7 scale mail of Music {rElec Int+2}
 10571 | D:9      | Found a sparkling altar of Nemelex Xobeh.
 10811 | D:9      | Found a staircase to the Lair.
 10877 | D:9      | Acquired Ashenzari's second power
 10883 | D:9      | Found a bloodstained altar of Trog.
 11003 | D:9      | Found a deep blue altar of Sif Muna.
 11003 | D:9      | Noticed Blork the orc
 11019 | D:9      | Found a sacrificial altar of Ru.
 11043 | D:9      | Noticed Eustachio
 11048 | D:9      | Killed Eustachio
 11193 | D:9      | Found a blossoming altar of Fedhas.
 11431 | D:9      | Found a shimmering altar of Xom.
 11433 | D:9      | Found a radiant altar of Vehumet.
 11491 | D:10     | Entered Level 10 of the Dungeon
 11518 | D:10     | Reached skill level 15 in Hexes
 11742 | D:10     | Noticed a hill giant
 11767 | D:10     | Killed a hill giant
 11966 | D:10     | Noticed a hill giant
 11973 | D:10     | Killed a hill giant
 12148 | D:10     | Identified the +7 falchion "Hilluytu" {flame, rPois rC+}
 12243 | D:10     | Noticed an unseen horror
 12248 | D:10     | Killed an unseen horror
 12248 | D:10     | Reached XP level 11. HP: 68/68 MP: 17/17
 12254 | D:10     | Reached skill level 16 in Hexes
 12459 | D:10     | Acquired Ashenzari's third power
 12629 | D:10     | Learned a level 2 spell: Repel Missiles
 12734 | D:11     | Found a staircase to the Orcish Mines.
 13588 | D:11     | Gained mutation: You are somewhat resistant to further mutation. [potion of mutation]
 13700 | D:11     | Reached skill level 17 in Hexes
 13985 | D:12     | Found a glowing silver altar of Zin.
 14237 | D:12     | Noticed hornqvist's ghost (powerful SpAs)
 14258 | D:12     | Killed hornqvist's ghost
 14558 | D:12     | Noticed a hill giant
 14571 | D:12     | Killed a hill giant
 14885 | D:12     | Reached XP level 12. HP: 74/74 MP: 18/18
 14888 | D:12     | Reached skill level 18 in Hexes
 14950 | D:12     | Noticed Sonja
 15056 | D:12     | Reached skill level 15 in Stealth
 15268 | D:12     | Killed Sonja
 15464 | D:13     | Noticed a centaur warrior
 15581 | D:13     | Noticed Fannar
 15584 | D:13     | Killed Fannar
 15584 | D:13     | Reached skill level 10 in Short Blades
 15949 | D:13     | Killed a centaur warrior
 15949 | D:13     | Identified the +4 short sword of Evolution {drain, Stlth+} (You took it off a centaur warrior on level 13 of the Dungeon)
 15949 | D:13     | Reached skill level 19 in Hexes
 16266 | D:13     | Acquired Ashenzari's fourth power
 16681 | D:14     | Noticed a centaur warrior
 16683 | D:14     | Killed a centaur warrior
 16824 | D:14     | Found a gate to the Vaults.
 17041 | D:14     | Noticed a centaur warrior
 17054 | D:14     | Killed a centaur warrior
 17054 | D:14     | Reached XP level 13. HP: 38/79 MP: 19/19
 17295 | D:14     | Noticed a centaur warrior
 17302 | D:14     | Killed a centaur warrior
 17302 | D:14     | Reached skill level 20 in Hexes
 17601 | D:14     | Found a shadowy altar of Dithmenos.
 17602 | D:14     | Noticed Louise
 17632 | D:14     | Killed Louise
 17817 | D:14     | Noticed a five-headed hydra
 17823 | D:14     | Killed a five-headed hydra
 18446 | D:15     | Entered Level 15 of the Dungeon
 18460 | D:15     | Found Chet's Weapon Boutique.
 18746 | D:15     | Found a portal to a secret trove of treasure.
 18911 | D:15     | Found a staircase to the Depths.
 18911 | D:15     | Noticed a dire elephant
 18911 | D:15     | Noticed an emperor scorpion
 18912 | D:15     | Killed an emperor scorpion
 18929 | D:15     | Killed a dire elephant
 18929 | D:15     | Reached skill level 21 in Hexes
 19257 | D:15     | Found a glowing golden altar of the Shining One.
 19316 | D:15     | Found Edoam's Jewellery Shop.
 19528 | Lair:1   | Entered Level 1 of the Lair of Beasts
 19769 | Lair:1   | Reached skill level 1 in Fighting
 19935 | Lair:1   | Noticed Harold
 19962 | Lair:1   | Killed Harold
 20673 | Lair:1   | Noticed Joseph
 20685 | Lair:1   | Killed Joseph
 22141 | Lair:3   | Reached XP level 14. HP: 91/91 MP: 20/20
 22168 | Lair:3   | Noticed Maud
 22383 | Lair:3   | Killed Maud
 22386 | Lair:3   | Found a staircase to the Swamp.
 22763 | Lair:3   | Found a hole to the Spider Nest.
 22770 | Lair:3   | Reached skill level 22 in Hexes
 22944 | Lair:3   | Noticed Snorg
 22953 | Lair:3   | Killed Snorg
 24611 | Lair:5   | Identified a +1 rod of shadows (9/9)
 24612 | Lair:5   | Found a frozen archway.
 24656 | IceCv    | Entered an ice cave
 25534 | Lair:5   | Reached skill level 23 in Hexes
 26299 | Lair:5   | Reached skill level 5 in Fighting
 26390 | Lair:5   | Learned a level 2 spell: Sure Blade
 26934 | Lair:6   | Found a staircase to the Slime Pits.
 27087 | Lair:6   | Reached skill level 1 in Translocations
 27697 | Lair:6   | Reached XP level 15. HP: 103/103 MP: 21/21
 28996 | Lair:7   | Reached skill level 24 in Hexes
 29817 | Lair:8   | Entered Level 8 of the Lair of Beasts
 29876 | Lair:8   | Found a labyrinth entrance.
 29887 | Lab      | Entered a labyrinth
 29956 | Lab      | Reached skill level 1 in Charms
 30012 | Lab      | Identified a +1 rod of the swarm (3/13) (You took it off a minotaur in a labyrinth)
 30179 | Lair:8   | Identified the +4 great sword "Ogrebane" {drain, -Cast rElec rPois rC+ Dex-5}
 30986 | Lair:8   | Upgraded the game from 0.16-a0-4078-g0e80503 to 0.16-a0-4088-g7c8221e
 31391 | Lair:8   | Learned a level 1 spell: Apportation
 31502 | Lair:8   | Identified the +2 pair of gloves of Least Resistance {Int+3}
 32364 | Lair:8   | Reached skill level 5 in Charms
 32888 | Swamp:1  | Entered Level 1 of the Swamp
 33098 | Swamp:1  | Noticed Roxanne
 33148 | Swamp:1  | Reached XP level 16. HP: 109/109 MP: 26/26
 33339 | Swamp:1  | Learned a level 6 spell: Invisibility
 33880 | Swamp:2  | Noticed Nikola
 34759 | Swamp:2  | HP: 3/110 [alligator (22)]
 36558 | Swamp:4  | Noticed Mara
 36692 | Swamp:4  | Noticed PolkaDot's illusion
 36708 | Swamp:5  | Entered Level 5 of the Swamp
 37478 | Swamp:5  | Reached skill level 5 in Dodging
 37672 | Swamp:5  | Noticed the 27-headed Lernaean hydra
 38094 | Swamp:5  | Got a decaying rune of Zot
 38810 | Orc:1    | Entered Level 1 of the Orcish Mines
 39689 | Orc:4    | Entered Level 4 of the Orcish Mines
 39697 | Orc:4    | Found Tiekur's General Store.
 39752 | Orc:4    | Bought a scroll of vulnerability for 127 gold pieces
 40063 | Orc:4    | Found Sain's Distillery.
 40064 | Orc:4    | Found Rarac's Magic Scroll Shop.
 40428 | Orc:4    | Paralysed by an orc sorcerer for 4 turns
 40822 | Orc:4    | Found Doviyl's Book Emporium.
 40822 | Orc:4    | Found a one-way gate leading to the halls of Pandemonium.
 40822 | Orc:4    | Found Ifoas' Antique Weapon Shoppe.
 40835 | Orc:4    | Bought a book of Beasts for 605 gold pieces
 40835 | Orc:4    | Bought a book of Burglary for 825 gold pieces
 41053 | Orc:4    | Reached XP level 17. HP: 126/126 MP: 27/27
 41180 | Orc:4    | Found a staircase to the Elven Halls.
 41625 | D:15     | You paid a toll of a +4 demon blade to enter a treasure trove
 41626 | Trove    | Entered a treasure trove
 41629 | Trove    | Identified the cursed +3 leather armour of the Black Moon {Contam Regen+ Str+5}
 41629 | Trove    | Identified the +5 shield of Chimes {rC+ MP-9 Dex+4}
 41629 | Trove    | Identified the cursed +2 pair of gloves "Watsain" {rC- Regen+ rCorr Str-2 Int+5}
 41629 | Trove    | Identified the cursed +2 helmet "Liudelogg" {Str+4}
 41630 | Trove    | Identified the cursed +1 buckler of the Sturgeon {+Inv Str+3}
 41630 | Trove    | Identified the cursed +0 pair of gloves of the Merchant {-Cast rPois MR+ Int+6}
 41631 | Trove    | Identified the cursed +2 pair of boots of the Jackalope {Str+6 Dex-2}
 41631 | Trove    | Identified the +0 swamp dragon armour of Sin {-Tele rElec rPois rF+ Slay+2}
 42074 | Spider:1 | Entered Level 1 of the Spider Nest
 42113 | Spider:3 | Noticed Arachne
 42700 | Spider:3 | Reached skill level 1 in Evocations
 42862 | Spider:5 | Entered Level 5 of the Spider Nest
 43155 | Spider:5 | Noticed Norris
 43175 | Spider:5 | Killed Norris
 43175 | Spider:5 | Reached skill level 5 in Spellcasting
 43223 | Spider:5 | Noticed Donald
 43263 | Spider:5 | Killed Donald
 43310 | Spider:5 | Got a gossamer rune of Zot
 43792 | Vaults:1 | Entered Level 1 of the Vaults
 43829 | Vaults:1 | Found a deep blue altar of Sif Muna.
 43920 | Vaults:1 | Learned a level 5 spell: Summon Mana Viper
 43926 | Vaults:1 | Found a gateway to a bazaar.
 43953 | Bazaar   | Entered a bazaar
 43953 | Bazaar   | Found Chauvvuv's General Store.
 43964 | Bazaar   | Found Pneoc's Armour Emporium.
 43968 | Bazaar   | Found Ifugg's Gadget Boutique.
 43977 | Bazaar   | Found Jac Kimn's Jewellery Boutique.
 44011 | Bazaar   | Found Stros' Antique Armour Shop.
 44621 | Vaults:1 | Noticed a lich
 44621 | Vaults:1 | Noticed a lich
 44922 | Vaults:1 | Reached skill level 5 in Evocations
 44933 | Vaults:1 | Noticed a Hell Sentinel
 45695 | Vaults:1 | Killed a lich
 45862 | Vaults:1 | Paralysed by a lich for 7 turns
 45868 | Vaults:1 | HP: 3/126 [freezing wraith (6)]
 45868 | Vaults:1 | HP: 1/126 [freezing wraith (2)]
 45868 | Vaults:1 | Slain by a lich

Action                   |  1- 3 |  4- 6 |  7- 9 | 10-12 | 13-15 | 16-18 || total
-------------------------+-------+-------+-------+-------+-------+-------++-------
Melee: Dagger            |   134 |   296 |   390 |   682 |  1867 |  1185 ||  4554
Throw: Throwing net      |       |       |       |       |       |     1 ||     1
 Cast: Ensorcelled Hiber |     6 |    25 |    58 |   139 |   335 |   168 ||   731
       Confuse           |       |     2 |    25 |    38 |    96 |    56 ||   217
       Enslavement       |       |       |       |     4 |    36 |    36 ||    76
       Corona            |       |       |       |       |     7 |     8 ||    15
       Invisibility      |       |       |       |       |       |    34 ||    34
       Apportation       |       |       |       |       |       |    17 ||    17
       Repel Missiles    |       |       |       |       |       |     1 ||     1
       Sure Blade        |       |       |       |       |       |     1 ||     1
       Summon Mana Viper |       |       |       |       |       |    13 ||    13
 Abil: End Transformatio |       |       |       |       |     3 |     9 ||    12
       Bat Form          |       |       |       |       |     3 |     9 ||    12
       Evoke Fog         |       |       |       |       |       |     5 ||     5
Evoke: Wand              |       |       |       |       |     8 |     7 ||    15
       Fan of gales (ine |       |       |       |       |       |     2 ||     2
  Use: Potion            |     2 |     2 |       |     4 |    10 |    14 ||    32
       Scroll            |       |    11 |    12 |    12 |    24 |    15 ||    74
 Stab: Sleeping          |     6 |    45 |    78 |   140 |   389 |   190 ||   848
       Distracted        |       |     2 |     2 |     2 |    13 |    13 ||    32
       Confused          |       |       |    16 |    27 |    67 |    17 ||   127
       Invisible         |       |       |       |     8 |     8 |   136 ||   152
       Betrayed ally     |       |       |       |       |     2 |       ||     2
       Fleeing           |       |       |       |       |     1 |       ||     1
       Held in net/web   |       |       |       |       |       |     2 ||     2
  Eat: Corpse            |       |       |       |     1 |     1 |     5 ||     7
